 Dungeon Crawl Stone Soup version 0.19-a0-1886-gd64a0f0 (webtiles) character file.

2079 Amnesiac the Ogre Mage (level 9, -10/97 HPs)
             Began as an Ogre Wizard on Oct 15, 2016.
             Was a Priest of Sif Muna.
             Killed by nerve-wracking pain
             ... invoked by an orc priest
              (11 damage)
             ... on level 8 of the Dungeon.
             The game lasted 00:17:58 (7699 turns).

Amnesiac the Ogre Mage (Ogre Wizard)                Turns: 7699, Time: 00:17:58

Health: -10/97     AC:  7    Str: 11 (14) XL:     9   Next: 26%
Magic:  18/18      EV:  9    Int: 17 (20) God:    Sif Muna [***...]
Gold:   210        SH:  0    Dex:  6 (8)  Spells: 6 memorised, 14 levels left

rFire  . . .     SeeInvis .     G - +2 whip (elec)
rCold  + . .     Gourm    .     H - +2 robe {rC+}
rNeg   . . .     Faith    .     (no shield)
rPois  .         Spirit   .     b - +0 hat
rElec  .         Dismiss  .     E - +1 cloak
rCorr  .         Reflect  .     (gloves unavailable)
MR     .....     Harm     .     (boots unavailable)
Stlth  +.........               (no amulet)
                                (no ring)
                                k - ring of flight

@: lethally poisoned (-10 -> -13), very slightly contaminated, repel missiles,
drained, divine energy
A: unfitting armour, low mp 2, tough skin 1
a: Stop Divine Energy, Channel Magic, Renounce Religion, Evoke Flight


You were on level 8 of the Dungeon.
You worshipped Sif Muna.
Sif Muna was most pleased with you.
You were not hungry.

You visited 1 branch of the dungeon, and saw 8 of its levels.
You also visited: Sewer.

You collected 210 gold pieces.

Inventory:

Hand Weapons
 i - a +2 dire flail of draining
 l - a +0 dagger of venom
 u - a +1 short sword of draining
 D - a +0 blowgun
 F - a +2 quarterstaff of chaos
 G - a +2 whip of electrocution (weapon)
Missiles
 m - 4 curare-tipped needles
Armour
 b - a +0 hat (worn)
 y - a +0 shield
 E - a +1 cloak (worn)
 H - a +2 robe of cold resistance (worn)
Magical Staves
 e - an uncursed staff of fire
Jewellery
 k - a ring of flight (left hand)
 o - an uncursed ring of fire
 s - an uncursed ring of fire
Wands
 z - a wand of slowing (25/48)
 A - a wand of polymorph (13/24)
Scrolls
 a - 3 scrolls of remove curse
 h - a scroll of enchant weapon {unknown}
 j - a scroll of enchant armour
 p - a scroll of recharging {unknown}
 x - a scroll of immolation
Potions
 g - a potion of brilliance
 n - a potion of haste
 q - a potion of flight
 v - 2 potions of cancellation
 M - 3 potions of might
Books
 c - a book of Minor Magic

   Spells                             Type                      Level
   a - Magic Dart                     Conjuration                  1
   b - Blink                          Translocation                2
   c - Call Imp                       Summoning                    2
   d - Repel Missiles                 Charms/Air                   2
   e - Slow                           Hexes                        2
   f - Conjure Flame                  Conjuration/Fire             3
   g - Mephitic Cloud                 Conjuration/Poison/Air       3
 I - a book of Frost

   Spells                             Type                      Level
   a - Freeze                         Ice                          1
   b - Throw Frost                    Conjuration/Ice              2
   c - Ozocubu's Armour               Charms/Ice                   3
   d - Throw Icicle                   Conjuration/Ice              4
   e - Summon Ice Beast               Ice/Summoning                4
Comestibles
 d - 4 bread rations
 f - 3 beef jerkies
 w - 6 fruits
 C - a meat ration


   Skills:
 - Level 8.4(7.7) Fighting
 - Level 1.7(1.2) Dodging
 - Level 1.4(0.8) Stealth
 - Level 10.6(9.9) Spellcasting
 + Level 1.8(1.2) Conjurations
 - Level 0.6(0.0) Summonings
   Level 0.6(0.0) Translocations
 + Level 1.9(1.3) Ice Magic


You had 14 spell levels left.
You knew the following spells:

 Your Spells              Type           Power        Failure   Level  Hunger
a - Repel Missiles        Chrm/Air       #.....       17%         2    None
d - Call Imp              Summ           #.......     14%         2    None
e - Mephitic Cloud        Conj/Pois/Air  #.......     24%         3    None
f - Throw Icicle          Conj/Ice       ##......     58%         4    ###....
s - Conjure Flame         Conj/Fire      ##......     21%         3    None
z - Magic Dart            Conj           ##..         6%          1    None


Dungeon Overview and Level Annotations

Branches:
Dungeon (8/15)
 Temple: D:4-7         Lair: D:8-11

Altars:
Elyvilon
Fedhas
Kikubaaqudgha
Nemelex Xobeh
Sif Muna
Xom
Yredelemnul

Annotations:
D:5 Silkki's ghost, novice DrCj
D:7 Amnesiac's ghost, novice OgWz


Innate Abilities, Weirdness & Mutations

You are too large for most types of armour.
You have tough skin. (AC +1)
Your magical capacity is very low. (-20% MP)


Message History

As you read the scroll labeled JEMEURHOINE, it crumbles to dust.
It is a scroll of enchant armour.
Your +0 cloak glows green for a moment.
The orc barely misses you. The big kobold hits you.
* * * LOW HITPOINT WARNING * * *
The orc barely misses you.
Okay, then.
As you read the scroll labeled WOTOUBAUTA, it crumbles to dust.
The creatures around you are filled with an inner flame!
It was a scroll of immolation.
The orc wizard hits you but does no damage.
The orc closely misses you.
The big kobold hits you but does no damage.
The orc hits you with a short sword of venom!
* * * LOW HITPOINT WARNING * * *
You are lethally poisoned!
The orc wizard hits you but does no damage.
The orc priest calls down the wrath of Beogh upon you.
Pain shoots through your body!
You die...

##################
.................#
..................
..................
......o@o.........
......ooK.........
......oKKK........
..................
.........†(.......
.........<........
..................
.................Z
.................


You could see a big kobold (inner flame), 2 orc priests, an orc wizard (inner
flame), 2 orcs and 3 kobolds.

Vanquished Creatures
  Pikel (D:4)
  Grinder (D:3)
  Edmund (D:4)
  3 slaves (D:4)
  An orc warrior (D:7)
  A sky beast (D:5)
  3 big kobolds (Sewer)
  A bullfrog (D:6)
  A scorpion (D:4)
  A howler monkey (D:6)
  3 crimson imps (D:4)
  Crazy Yiuf (D:3)
  3 orc wizards
  3 orc priests
  A centaur skeleton (D:8)
  5 worker ants
  Natasha (thrice) (D:4)
  Robin (D:3)
  A worker ant zombie (D:7)
  4 adders
  3 gnolls (D:2)
  An ooze (Sewer)
  2 worms (D:3)
  A dart slug (D:3)
  4 leopard geckos
  18 orcs
  14 bats
  2 bat zombies (D:4)
  7 giant cockroaches
  6 hobgoblins
  13 jackals
  24 kobolds
  3 quokkas
  5 ball pythons
  6 frilled lizards
  21 goblins
  A leopard gecko zombie (D:5)
  9 rats
  4 rat zombies (D:4)
183 creatures vanquished.

Vanquished Creatures (collateral kills)
  A worker ant (D:4)
  A gnoll (D:1)
  A shadow imp (D:5)
  A worm (D:2)
  2 giant cockroaches (D:5)
  4 jackals
  A rat (D:1)
11 creatures vanquished.

Vanquished Creatures (others)
  A bat (D:1)
1 creature vanquished.

Grand Total: 195 creatures vanquished

Notes
Turn   | Place    | Note
-------+----------+-------------------------------------------
     0 | D:1      | Amnesiac the Ogre Wizard began the quest for the Orb.
     0 | D:1      | Reached XP level 1. HP: 16/16 MP: 5/5
    62 | D:2      | Reached skill level 1 in Fighting
   253 | D:2      | Reached XP level 2. HP: 28/28 MP: 3/6
   257 | D:2      | Learned a level 2 spell: Call Imp
   951 | D:1      | Reached XP level 3. HP: 16/37 MP: 1/8
  1206 | D:2      | Learned a level 3 spell: Mephitic Cloud
  1609 | D:2      | Reached XP level 4. HP: 49/49 MP: 9/9
  1838 | D:2      | You fall through a shaft for 2 floors!
  1845 | D:4      | Reached skill level 5 in Fighting
  1850 | D:4      | Learned a level 3 spell: Conjure Flame
  1891 | D:4      | Noticed Natasha
  1902 | D:4      | Killed Natasha
  1902 | D:4      | Reached XP level 5. HP: 35/59 MP: 10/10
  2016 | D:4      | Noticed Natasha
  2028 | D:4      | Killed Natasha
  2183 | D:4      | Noticed Natasha
  2226 | D:4      | Killed Natasha
  2226 | D:4      | Reached XP level 6. HP: 35/71 MP: 1/11
  2380 | D:4      | Noticed Edmund
  2417 | D:4      | Killed Edmund
  2455 | D:4      | Found an ancient bone altar of Kikubaaqudgha.
  2860 | D:4      | Found a deep blue altar of Sif Muna.
  2864 | D:4      | Became a worshipper of Sif Muna the Loreminder
  3705 | D:2      | Reached skill level 1 in Conjurations
  3737 | D:2      | Learned a level 2 spell: Repel Missiles
  3940 | D:2      | Reached skill level 4 in Spellcasting
  4555 | D:3      | Found a white marble altar of Elyvilon.
  4639 | D:3      | Found a blossoming altar of Fedhas.
  4645 | D:3      | Noticed Grinder
  4658 | D:3      | Killed Grinder
  4658 | D:3      | Reached skill level 5 in Spellcasting
  4658 | D:3      | Reached XP level 7. HP: 76/81 MP: 12/15
  4748 | D:3      | Noticed Robin
  4769 | D:3      | Reached * piety under Sif Muna
  4793 | D:3      | Killed Robin
  4885 | D:3      | Reached skill level 6 in Spellcasting
  5095 | D:3      | Found a basalt altar of Yredelemnul.
  5196 | D:3      | Found a runed door.
  5200 | D:3      | Noticed Crazy Yiuf
  5216 | D:3      | Killed Crazy Yiuf
  5300 | D:4      | Found a shimmering altar of Xom.
  5404 | D:4      | Noticed Pikel
  5549 | D:4      | Killed Pikel
  5549 | D:4      | Reached ** piety under Sif Muna
  5549 | D:4      | Reached skill level 8 in Spellcasting
  5549 | D:4      | Reached XP level 8. HP: 45/89 MP: 16/20
  5812 | D:4      | Reached skill level 9 in Spellcasting
  6270 | D:5      | Entered Level 5 of the Dungeon
  6344 | D:5      | Noticed Silkki's ghost (novice DrCj)
  6474 | D:5      | Found a glowing drain.
  6526 | Sewer    | Entered a sewer
  6819 | Sewer    | Reached skill level 10 in Spellcasting
  7034 | Sewer    | Reached *** piety under Sif Muna
  7034 | Sewer    | Reached XP level 9. HP: 77/97 MP: 23/23
  7200 | D:5      | Gained mutation: Your magical capacity is low. (-10% MP) [mutagenic meat]
  7203 | D:5      | Gained mutation: Your magical capacity is very low. (-20% MP) [mutagenic meat]
  7213 | D:5      | Learned a level 4 spell: Throw Icicle
  7338 | D:6      | Reached skill level 1 in Ice Magic
  7375 | D:6      | Noticed a gargoyle
  7456 | D:7      | Found a sparkling altar of Nemelex Xobeh.
  7641 | D:7      | Noticed Amnesiac's ghost (novice OgWz)
  7671 | D:7      | HP: 2/97 [Amnesiac's ghost (4)]
  7699 | D:8      | HP: 1/97 [orc/short sword of venom (7)]
  7699 | D:8      | Killed from afar by an orc priest

Vault maps used:
D:1:      saegor_arrival_miasma
D:2:      first_bread
D:3:      kennysheep_ying_yang, fedhas_altar_3, hex_tiny,
          uniq_crazy_yiuf_cottage, uniq_grinder, uniq_robin
D:4:      led_xom_imps, lemuel_zombie_altar_kikubaaqudgha,
          lemuel_blue_sif_altar, corexii_checkpoint_a, minmay_misc_feat_pillars,
          sigmund_army, uniq_edmund, uniq_natasha, uniq_pikel
D:5:      gup_sewer_entry_glass
D:6:      nicolae_qazlal_general_emergency, eat_drink_and_be_merry_uskayaw,
          lemuel_crystal_altar
D:7:      kennysheep_mini, serial_shops, nicolae_shop_stone
D:8:      nicolae_dithmenos_through_a_glass_darkly,
          hangedman_little_slice_of_home, uniq_psyche
Sewer:    kennysheep_pipe_town

Skill      XL: |  1  2  3  4  5  6  7  8  9 |
---------------+----------------------------+-----
Fighting       | 2 3 4 5 7 8 |  8.4
Conjurations   | 1 |  1.8
Spellcasting   | 5 8 10 | 10.6
Ice Magic      | 1 |  1.9
Dodging        | |  1.7
Stealth        | |  1.4
Summonings     | |  0.6
Translocations | |  0.6

Action                   |  1- 3 |  4- 6 |  7- 9 || total
-------------------------+-------+-------+-------++-------
Melee: Unarmed           |    35 |     4 |       ||    39
       Dagger            |    27 |   216 |   210 ||   453
       Dire flail        |       |    26 |       ||    26
       Whip              |       |       |   224 ||   224
 Cast: Magic Dart        |    33 |    11 |     5 ||    49
       Call Imp          |    14 |     5 |     8 ||    27
       Mephitic Cloud    |       |     2 |    13 ||    15
       Repel Missiles    |       |     2 |     3 ||     5
       Conjure Flame     |       |       |     3 ||     3
Invok: Divine Energy     |       |       |     1 ||     1
  Use: Scroll            |       |     3 |     8 ||    11
       Potion            |       |     2 |    11 ||    13
 Stab: Confused          |       |     4 |     2 ||     6
       Sleeping          |       |     2 |       ||     2
  Eat: Chunk             |     3 |    10 |    13 ||    26
Armor: Robe              |    34 |    71 |   174 ||   279
Dodge: Dodged            |    79 |   157 |   260 ||   496
       Deflected         |       |     2 |     3 ||     5
